 Dungeon Crawl Stone Soup version 0.24.1-4-ge52af88ad5 (webtiles) character file.

Game seed: 2560645231991336180, levelgen mode: deterministic

109 lepoulpe303 the Ruffian (level 4, 0/36 HPs)
             Began as a Draconian Transmuter on Apr 16, 2020.
             Slain by a leopard gecko (2 damage)
             ... on level 3 of the Dungeon.
             The game lasted 00:06:18 (2227 turns).

lepoulpe303 the Ruffian (Draconian Transmuter)      Turns: 2227, Time: 00:06:20

Health: 0/36       AC:  6    Str: 12    XL:     4   Next: 60%
Magic:  5/8        EV: 12    Int: 15    God:
Gold:   104        SH:  0    Dex: 11    Spells: 2/8 levels left

rFire    . . .     SeeInvis .     - Unarmed
rCold    . . .     Gourm    .   (no shield)
rNeg     . . .     Faith    .   (armour unavailable)
rPois    .         Spirit   .   (helmet restricted)
rElec    .         Reflect  .   o - +0 cloak
rCorr    .         Harm     .   (no gloves)
MR       .....                  (no boots)
Stlth    +.........             (no amulet)
HPRegen  0.12/turn              (no ring)
MPRegen  0.11/turn              (no ring)

@: very slightly contaminated
A: unfitting armour, cold-blooded, AC +5
a: no special abilities


You were on level 3 of the Dungeon.
You were hungry.

You visited 1 branch of the dungeon, and saw 3 of its levels.

You collected 104 gold pieces.

Inventory:

Missiles
 d - 7 javelins (quivered)
 Q - 90 arrows
Armour
 o - a +0 cloak (worn)
Jewellery
 a - a +4 ring of evasion {unknown}
 b - an uncursed amulet of guardian spirit {unknown}
 j - a +2 ring of evasion {unknown}
 n - an uncursed ring of flight
Scrolls
 f - a scroll of fog
 h - a scroll of identify {unknown}
 k - 2 scrolls of remove curse {unknown}
 t - 2 scrolls of teleportation
Potions
 c - a potion of heal wounds {unknown}
 i - a potion of curing {unknown}
 l - 2 potions of mutation {unknown}
 m - a potion of brilliance {unknown}
Comestibles
 e - 12 rations
 g - 4 chunks of flesh


   Skills:
 + Level 2.0 Fighting
 + Level 2.2 Dodging
 + Level 3.2 Unarmed Combat
 * Level 2.8 Spellcasting
 * Level 3.0 Transmutations
 + Level 1.0 Poison Magic


You had 2 spell levels left.
You knew the following spells:

 Your Spells              Type           Power        Failure   Level  Hunger
a - Beastly Appendage     Tmut           ##....       6%          1    #......
c - Spider Form           Tmut/Pois      #.........   26%         3    ###....
s - Sticks to Snakes      Tmut           ##......     9%          2    ##.....

Your spell library contained the following spells:

 Spells                   Type           Power        Failure   Level  Hunger
 Ice Form                 Ice/Tmut       #.......     71%         4    #####..
 Blade Hands              Tmut           ##........   85%         5    ######.


Dungeon Overview and Level Annotations

Branches:
Dungeon (3/15)

Altars:
Gozag


Innate Abilities, Weirdness & Mutations

Your plain brown scales are hard. (AC +5)
You cannot fit into any form of body armour.
You are cold-blooded and may be slowed by cold attacks.


Message History

Your ball python constricts the hobgoblin.
The hobgoblin hits you with a +0 club.
* * * LOW HITPOINT WARNING * * *
You take 3 damage, and have 6/36 hp.
You hit the hobgoblin but do no damage.
Your ball python constricts the hobgoblin.
The hobgoblin hits you with a +0 club.
* * * LOW HITPOINT WARNING * * *
Your ball python constricts the hobgoblin.
You take 5 damage, and have 1/36 hp.
Your ball python loses its grip on something.
Something barely misses your ball python.
The leopard gecko bites you but does no damage.
The leopard gecko bites your ball python.
Your ball python dies!
Your talons disappear.
Something unseen opens the door.
The leopard gecko bites you but does no damage.
The leopard gecko bites you.
You die...

####)#...........#
#........#
..))))#.###'#...##
#..>.....#
.#####'.# #.....<#
#........# . ####
###...## ###+####.#
. #.g.# #.......# .
#...# #.......# #
#...######.......#
#..l##.....รท#+####
#...@...#####
+.......# #.......#
#.........
#........##
..........#
#..........#
#..........#


You could see a leopard gecko and a hobgoblin.

Levels and vault maps discovered:
D:1:      onia_arrival_zoo_common, layout_loops_ring, minmay_small_reverse_x
D:2:      minmay_spotlight, layout_loops_ring, first_ration
D:3:      layout_basic, grunt_gozag_breadcrumbs, nicolae_tso_swordbearing_angel,
          gammafunk_ghost_smash, minmay_checkerbox, uniq_robin

Notes
Turn   | Place    | Note
-------+----------+-------------------------------------------
     0 | D:1      | lepoulpe303 the Draconian Transmuter began the quest for
                  | the Orb.
     0 | D:1      | Reached XP level 1. HP: 16/16 MP: 3/3
     7 | D:1      | Noticed a seven-headed hydra
     7 | D:1      | Noticed a wolf
     7 | D:1      | Noticed a black bear
     7 | D:1      | Noticed a black mamba
   180 | D:1      | Identified a +0 club
   210 | D:1      | Reached XP level 2. HP: 23/23 MP: 5/5
   217 | D:1      | Learned a level 2 spell: Sticks to Snakes
   333 | D:1      | Identified a +0 club
   338 | D:1      | Reached skill level 2 in Dodging
   338 | D:1      | Identified a +0 club
   339 | D:1      | Identified a +0 dagger
   724 | D:2      | Identified a +0 club
   730 | D:2      | Identified 2 scrolls of teleportation
   864 | D:2      | Identified a +0 short sword
   864 | D:2      | Identified a +0 short sword
   874 | D:2      | Reached XP level 3. HP: 15/28 MP: 4/6
   879 | D:2      | Learned a level 3 spell: Spider Form
  1103 | D:2      | Identified a +0 club
  1156 | D:2      | Identified a cursed -3 club
  1232 | D:2      | Identified a +0 short sword
  1556 | D:2      | Identified a +0 dagger
  1732 | D:2      | Identified a +0 club
  1732 | D:2      | Identified an uncursed ring of flight
  1826 | D:2      | Identified a +0 dagger
  1827 | D:2      | Reached XP level 4. HP: 36/36 MP: 7/7
  1908 | D:2      | Identified a +0 cloak (You found it on level 2 of the
                  | Dungeon)
  1912 | D:3      | Identified 2 scrolls of fog
  2057 | D:3      | Identified a +0 club
  2063 | D:3      | Found an opulent altar of Gozag.
  2125 | D:3      | Identified a +0 dagger
  2158 | D:3      | Identified a +0 hunting sling
  2158 | D:3      | Identified a cursed -3 dagger
  2160 | D:3      | Identified a +0 club
  2160 | D:3      | Identified a +0 dagger
  2161 | D:3      | Identified a +7 club
  2161 | D:3      | Identified a +0 animal skin
  2161 | D:3      | Identified the +1 helmet of True Grit {rElec Str-5 Dex+3}
  2161 | D:3      | Noticed Robin
  2161 | D:3      | Identified a +0 dagger
  2161 | D:3      | Identified a +0 club
  2163 | D:3      | Identified a +0 club
  2169 | D:3      | Identified a +0 club
  2170 | D:3      | Reached skill level 3 in Transmutations
  2171 | D:3      | Identified a +0 short sword
  2173 | D:3      | Identified a +0 club
  2174 | D:3      | Reached skill level 2 in Fighting
  2202 | D:3      | HP: 8/36 [kobold/+0 short sword (3)]
  2209 | D:3      | Killed Robin
  2209 | D:3      | Reached skill level 1 in Poison Magic
  2211 | D:3      | HP: 6/36 [hobgoblin/+0 club[Robin] (3)]
  2212 | D:3      | HP: 1/36 [hobgoblin/+0 club[Robin] (6)]
  2227 | D:3      | Slain by a leopard gecko

Table legend:
 A = Turns spent in this place as a percentage of turns spent in the entire game.
 B = Non-inter-level travel turns spent in this place as a percentage of non-inter-level travel turns spent in the entire game.
 C = Inter-level travel turns spent in this place as a percentage of turns spent in this place.
 D = Turns resting spent in this place as a percentage of non-inter-level travel turns spent in this place.
 E = Turns spent auto-exploring this place as a percentage of non-inter-level travel turns spent in this place.
 F = Non-inter-level travel turns spent in this place divided by the number of levels of this place that you've seen.
                   A       B       C       D       E      F
               +-------+-------+-------+-------+-------+----------------------
         Total | 100.0 | 100.0 |   5.4 |  20.3 |  55.8 | 702.3
       Dungeon | 100.0 | 100.0 |   5.4 |  20.3 |  55.8 | 702.3
               +-------+-------+-------+-------+-------+----------------------

Table legend:
 A = Kills in this place as a percentage of kills in entire the game.
 B = Kills by you in this place as a percentage of kills by you in the entire game.
 C = Kills by friends in this place as a percentage of kills by friends in the entire game.
 D = Other kills in this place as a percentage of other kills in the entire game.
 E = Experience gained in this place as a percentage of experience gained in the entire game.
 F = Experience gained in this place divided by the number of levels of this place that you have seen.
                   A       B       C       D       E      F
               +-------+-------+-------+-------+-------+----------------------
         Total | 100.0 | 100.0 |   N/A |   N/A | 100.0 |  52.3
       Dungeon | 100.0 | 100.0 |   N/A |   N/A | 100.0 |  52.3
               +-------+-------+-------+-------+-------+----------------------

Skill      XL: |  1  2  3  4 |
---------------+-------------+-----
Dodging        | 2 |  2.2
Transmutations | 3 |  3.0
Fighting       | 2 |  2.0
Poison Magic   | 1 |  1.0
Unarmed Combat | |  3.2
Spellcasting   | |  2.8

Action                   |  1- 3 |  4- 6 || total
-------------------------+-------+-------++-------
Melee: Unarmed           |   159 |    73 ||   232
       Tailslap          |    17 |     1 ||    18
       Kick              |     6 |     3 ||     9
       Punch             |     3 |       ||     3
       Headbutt          |     2 |     2 ||     4
 Cast: Beastly Appendage |     4 |     3 ||     7
       Spider Form       |       |     1 ||     1
       Sticks to Snakes  |       |     1 ||     1
  Use: Scroll            |     1 |     1 ||     2
  Eat: Chunk             |     3 |     1 ||     4
Armor: Skin              |    50 |    25 ||    75
Dodge: Dodged            |   120 |    49 ||   169

Vanquished Creatures
  Robin (D:3)
  2 adders
  An ooze (D:2)
  2 dart slugs
  4 leopard geckos
  A ball python (D:2)
  10 bats
  3 giant cockroaches (D:2)
  15 goblins
  11 hobgoblins
  3 jackals (D:2)
  A frilled lizard (D:3)
  6 kobolds
  5 rats
65 creatures vanquished.
